 Dungeon Crawl Stone Soup version 0.31-a0-702-gf82c85558f (webtiles) character file.

Game seed: 329767267256988183

36224 Bnni the Impaler (level 14, -7/118 HPs)
             Began as a Formicid Fighter on Sept 8, 2023.
             Was a High Priest of Yredelemnul.
             Killed from afar by an efreet (32 damage)
             ... with a bolt of fire
             ... on level 14 of the Dungeon.
             The game lasted 00:32:49 (14021 turns).

Bnni the Impaler (Formicid Fighter)                Turns: 14021, Time: 00:32:50

Health: -7/118     AC: 18    Str: 30    XL:     14   Next: 22%
Magic:  0/23       EV:  6    Int:  7    God:    Yredelemnul [*****.]
Gold:   740        SH: 10    Dex: 12    Spells: 13/13 levels left

rFire   . . .        F - +2 trident (drain)
rCold   + . .        Q - +0 kite shield
rNeg    . . .        M - +1 plate armour {rC+}
rPois   .            (helmet unavailable)
rElec   .            (no cloak)
rCorr   .            z - +0 pair of gloves
SInv    +            o - +0 pair of boots
Will    +....        e - amulet of guardian spirit Stlth
                     k - +4 ring of protection
HPRegen 0.39/turn    j - +4 ring of slaying
MPRegen 0.18/turn

%: guardian spirit
@: no status effects
A: permanent stasis, dig shafts and tunnels, antennae 3, four strong arms,
hooves 1, strong 1
a: Dig, Shaft Self, Renounce Religion, Recall Undead Harvest, Dark Bargain,
Drain Life, Bind Soul


You were on level 14 of the Dungeon.
You worshipped Yredelemnul.
Yredelemnul was pleased with you.
You visited 2 branches of the dungeon, and saw 15 of its levels.
You also visited: Bailey.

You collected 1194 gold pieces.
You spent 454 gold pieces at shops.

Inventory:

Hand Weapons
 c - a +0 bardiche
 i - the +5 rapier "Gagavauc" {flame, *Rage rElec rF++ Str+2}
   (You found it on level 6 of the Dungeon)

   Str+2:     It affects your strength (+2).
   rF++:      It greatly protects you from fire.
   rElec:     It insulates you from electricity.
   *Rage:     It berserks you when you make melee attacks (+20% chance).
 F - a +2 trident of draining (weapon)
 K - a +2 trident of venom
Missiles
 n - 3 darts of dispersal
 p - 36 poisoned darts
 C - 6 boomerangs
Armour
 o - a +0 pair of boots (worn)
 z - a +0 pair of gloves (worn)
 M - a +1 plate armour of cold resistance (worn)
 Q - a +0 kite shield (worn)
Jewellery
 e - an amulet of guardian spirit (around neck)
 j - a +4 ring of slaying (right hand)
 k - a +4 ring of protection (left hand)
 w - a ring of flight
Wands
 r - a wand of paralysis (6)
 s - a wand of light (7)
 x - a wand of roots (11)
 E - a wand of mindburst (9)
 J - a wand of polymorph (18)
 L - a wand of flame (3)
 N - a wand of digging (5)
Scrolls
 g - a scroll of immolation
 l - 2 scrolls of amnesia
 m - 3 scrolls of fog
 v - 5 scrolls of enchant armour {unknown}
 y - 5 scrolls of revelation
 A - 5 scrolls of poison
 D - 3 scrolls of fear
 H - 2 scrolls of enchant weapon
Potions
 a - 2 potions of heal wounds
 b - 3 potions of resistance
 d - 6 potions of might
 f - 2 potions of magic
 h - 4 potions of mutation
 q - 2 potions of haste
 t - a potion of invisibility
 u - 7 potions of curing
 B - a potion of enlightenment {unknown}
 G - 3 potions of berserk rage {unknown}
 I - a potion of brilliance {unknown}


   Skills:
 + Level 13.2 Fighting
 * Level 16.5 Polearms
 - Level 3.2 Armour
 + Level 7.4 Shields
 + Level 13.0 Invocations


You had 13 spell levels left.
You didn't know any spells.
Your spell library contained the following spells:

 Spells                   Type           Power      Damage    Failure   Level
 Freeze                   Ice            0%         1d3       100%        1
 Sandblast                Erth           0%         2d4       100%        1
 Cigotuvi's Dreadful Rot  Necr/Pois/Air  0%         N/A       100%        2
 Passwall                 Tmut/Erth      0%         N/A       100%        2
 Poisonous Vapours        Pois/Air       0%         N/A       100%        2
 Scorch                   Fire           0%         2d5       100%        2
 Call Canine Familiar     Summ           0%         N/A       100%        3
 Frozen Ramparts          Ice            0%         1d1       100%        3
 Hailstorm                Conj/Ice       0%         3d3       100%        3
 Sigil of Binding         Hex            0%         N/A       100%        3
 Stone Arrow              Conj/Erth      0%         3d7       100%        3
 Airstrike                Air            0%         2d(0-16)  100%        4
 Animate Armour           Summ/Erth      0%         N/A       100%        4
 Dimensional Bullseye     Hex/Tloc       0%         N/A       100%        4
 Dispel Undead            Necr           0%         3d6       100%        4
 Flame Wave               Conj/Fire      0%         2d4       100%        4
 Leda's Liquefaction      Hex/Erth       0%         N/A       100%        4
 Petrify                  Tmut/Erth      0%         N/A       100%        4
 Arcjolt                  Conj/Air       0%         1d10      100%        5
 Metabolic Englaciation   Hex/Ice        0%         N/A       100%        5
 Summon Cactus Giant      Summ           0%         N/A       100%        6
 Haunt                    Necr/Summ      0%         N/A       100%        7
 Ozocubu's Refrigeration  Ice            0%         4d7       100%        7
 Borgnjor's Revivificati  Necr           0%         N/A       100%        8
 Lehudib's Crystal Spear  Conj/Erth      0%         10d2      100%        8
 Death's Door             Necr           0%         N/A       100%        9
 Polar Vortex             Ice            0%         N/A       100%        9
 Swiftness                Air            Unusable   N/A       N/A         3
 Vhi's Electric Charge    Tloc/Air       Unusable   N/A       N/A         4
 Death Channel            Necr           Unusable   N/A       N/A         6
 Simulacrum               Ice/Necr       Unusable   N/A       N/A         6

Dungeon Overview and Level Annotations

Branches:
Dungeon (14/15)            Temple (1/1) D:5            Lair (0/5) D:9
    Orc (0/2) D:9          Vaults (0/5) D:13         Bailey (visited)

Altars:
Ashenzari
Cheibriados
Dithmenos
Elyvilon
Fedhas
Gozag
Hepliaklqana
Kikubaaqudgha
Makhleb
Nemelex Xobeh
Okawaru
Qazlal
Ru
Sif Muna
Trog
Uskayaw
Vehumet
Wu Jian
Xom
Yredelemnul
Zin
The Shining One

Shops:
D:6 (   D:9 *   D:10 ?

Portals:
Bazaar: D:13
Trove: D:10 (give +2 fire dragon scales)


Innate Abilities, Weirdness & Mutations

You cannot be hasted, slowed, berserked, paralysed or teleported.
You can dig through walls and to a lower floor.
You have a pair of large antennae on your head. (SInv)
Your four strong arms can wield two-handed weapons with a shield.
You have large cloven feet.
Your muscles are strong. (Str +4, Int/Dex -1)


Message History

The fire dragon bites your ugly thing zombie!!
The fire dragon claws your ugly thing zombie.
The fire dragon tramples your ugly thing zombie.
Your ugly thing zombie holds its ground!
Your vampire knight casts a spell at the fire dragon.
The fire dragon resists with some effort.
Your ugly thing zombie barely misses the fire dragon.
You feel much better.
The fire dragon bites your ugly thing zombie.
The fire dragon claws your ugly thing zombie but does no damage.
The fire dragon tramples your ugly thing zombie!
Your ugly thing zombie stumbles backwards!
Your ugly thing zombie hits the fire dragon.
Fannar casts a spell at the fire dragon.
The bolt of cold hits the fire dragon!!
The fire dragon is frozen!
Your vampire knight casts a spell.
Your vampire knight flickers and vanishes for a moment.
Your ugly thing zombie hits the fire dragon.
The efreet hits your ugly thing zombie with a +1 scimitar of flaming!
The efreet burns your ugly thing zombie.
Reach: F) +2 trident (drain)
Press: ? - help, Dir - move target, f/p - fire dragon
Aim: a fire dragon (severely wounded, not watching you, lightly drained, ally target, about 21% to evade your +2 trident of draining)
You puncture the fire dragon! You drain the fire dragon.
The fire dragon is almost dead.
The fire dragon breathes flames at you. The blast of flame hits you!!
* * * LOW HITPOINT WARNING * * *
Your ugly thing zombie hits the efreet.
Fannar hits the fire dragon with a +0 quarterstaff of freezing.
Fannar drains the fire dragon.
Fannar freezes the fire dragon.
The fire dragon dies!
The dead are flying!
You hear a roar!
You can now bind living souls.
The efreet gestures at you.
The bolt of fire hits your ugly thing zombie!! x2
The bolt of fire hits you!!
You die...
Your body rises from the dead as a mindless zombie.

##.....<......#.....
#...................
#####?............##.#..
####.......................
......#..##........##......
......##Z.##....... ##...
.#......Z#........ ##
....#.............. .
#.#.....#Z@Z..ZR.. #
.....#!.#..V....°.
._.#....#....#.... ..
..#..#...## ... #
#.....#...# .. ...#........
# .# .........# #......


You could see an efreet (ally target), a friendly vampire knight (summoned,
invisible), the friendly Fannar the bound elf, a friendly fire dragon zombie and
3 friendly ugly thing zombies.

Vanquished Creatures
  The ghost of ceneti the Blocker, a journeyman MiFi of Okawaru (D:11)
  A vault guard (Bailey)
  3 centaur warriors (D:13)
  3 boulder beetles
  4 two-headed ogres
  Lodul (D:11)
  A slime creature (D:12)
  An oklob plant (D:8)
  5 ugly things
  2 cyclopes
  2 manticores
  A gargoyle (D:13)
  2 molten gargoyles (D:12)
  A kobold demonologist (D:12)
  7 trolls
  Prince Ribbit (Bailey)
  Grinder (D:4)
  A shadow (D:11)
  2 wraiths
  10 yaks
  4 humans (Bailey)
  A basilisk (D:11)
  A wyvern (D:6)
  A steam dragon (D:8)
  6 vampire mosquitoes
  An acid dragon (D:11)
  A floating eye (D:8)
  A water moccasin (D:7)
  A black bear (D:6)
  5 orc warriors
  3 ice beasts
  A sky beast (D:7)
  4 centaurs (D:13)
  4 ogres
  2 phantoms
  16 bullfrogs
  2 kobold brigands
  A gnoll sergeant (D:7)
  3 scorpions
  9 wights
  4 howler monkeys
  5 lava snakes (D:12)
  6 hounds
  2 jellies
  12 orc priests
  A gnoll bouda (D:5)
  2 sleepcaps (D:6)
  8 iguanas
  19 orc wizards
  11 gnolls
  5 adders
  2 shadow imps (D:6)
  3 white imps
  4 worms (D:4)
  A dart slug (D:4)
  47 orcs
  4 ball pythons
  6 bats
  5 endoplasms
  6 giant cockroaches
  10 goblins
  8 hobgoblins
  4 quokkas
  5 frilled lizards
  14 kobolds
  3 rats
314 creatures vanquished.

Vanquished Creatures (collateral kills)
  An ironbound preserver (D:13)
  A fire dragon (D:14)
  A hydra (D:13)
  A vault guard (Bailey)
  A centaur warrior (D:13)
  A boulder beetle (D:13)
  A skeletal warrior (D:11)
  5 ugly things (D:14)
  An oklob plant (D:8)
  A cyclops (D:13)
  A moth of wrath (D:11)
  Jeremiah (D:7)
  Psyche (D:10)
  An unseen horror (D:11)
  4 trolls
  5 yaks
  A vampire (D:11)
  A wraith (D:10)
  A human (Bailey)
  A basilisk (D:14)
  3 vampire mosquitoes
  7 ogres
  An ice beast (D:5)
  2 orc warriors
  A centaur (D:11)
  A kobold brigand (D:10)
  2 howler monkeys
  A jelly (D:8)
  An iguana (D:7)
  An adder (D:5)
  10 orcs
  A goblin (D:7)
  A hobgoblin (Bailey)
  3 kobolds (D:10)
66 creatures vanquished.

Vanquished Creatures (others)
  2 ugly thing zombies (D:14)
  A troll zombie (D:11)
  2 yak zombies
  5 centaur zombies
  7 bullfrog zombies
  2 basilisk zombies
  A scorpion zombie (D:6)
  4 ogre zombies (D:11)
  An ice beast zombie (D:5)
  A hound zombie (D:6)
  A howler monkey zombie (D:11)
  18 orc zombies
  An adder zombie (D:5)
  2 spectral white imps
  4 gnoll zombies
  A goblin zombie (D:7)
  A kobold zombie (D:10)
54 creatures vanquished.

Grand Total: 434 creatures vanquished

Notes
Turn   | Place    | Note
-------+----------+-------------------------------------------
     0 | D:1      | Bnni the Formicid Fighter began the quest for the Orb.
     0 | D:1      | Reached XP level 1. HP: 18/18 MP: 1/1
   130 | D:1      | Reached XP level 2. HP: 19/24 MP: 2/2
   329 | D:1      | Reached XP level 3. HP: 29/29 MP: 3/3
   999 | D:2      | Found a faded altar of an unknown god.
  1436 | D:2      | Reached XP level 4. HP: 37/37 MP: 4/4
  1513 | D:3      | Reached skill level 5 in Shields
  1544 | D:3      | Reached skill level 3 in Polearms
  1611 | D:3      | Noticed a kobold brigand
  1625 | D:3      | Killed a kobold brigand
  1626 | D:3      | Reached skill level 4 in Polearms
  1626 | D:3      | Reached XP level 5. HP: 36/43 MP: 3/5
  1883 | D:3      | Reached XP level 6. HP: 28/49 MP: 1/6
  2433 | D:4      | Noticed Grinder
  2466 | D:4      | Killed Grinder
  2467 | D:4      | Reached skill level 5 in Fighting
  2467 | D:4      | Reached skill level 5 in Polearms
  2467 | D:4      | Reached XP level 7. HP: 8/56 MP: 2/7
  2689 | D:4      | Reached skill level 6 in Polearms
  3481 | D:5      | Entered Level 5 of the Dungeon
  3506 | D:5      | Found a staircase to the Ecumenical Temple.
  3514 | Temple   | Entered the Ecumenical Temple
  3540 | Temple   | Became a worshipper of Yredelemnul the Dark
  3588 | D:5      | Reached * piety under Yredelemnul
  3589 | D:5      | HP: 2/57 [ice beast (4)]
  3594 | D:5      | Gained mutation: Your muscles are strong. (Str +4, Int/Dex
                  | -1) [potion of mutation]
  3594 | D:5      | Gained mutation: You have large cloven feet. [potion of
                  | mutation]
  3596 | D:5      | HP: 1/57 [ice beast (2)]
  3601 | D:5      | Reached skill level 1 in Invocations
  3601 | D:5      | Reached XP level 8. HP: 4/64 MP: 0/9
  3603 | D:5      | HP: 3/64 [white imp/puff of frost (2)]
  3620 | D:5      | Reached skill level 7 in Polearms
  3986 | D:5      | Reached ** piety under Yredelemnul
  4491 | D:6      | Identified the +5 rapier "Gagavauc" {flame, *Rage rElec
                  | rF++ Str+2}
  4496 | D:6      | Found a shimmering altar of Xom.
  4622 | D:6      | Reached skill level 8 in Polearms
  4622 | D:6      | Reached XP level 9. HP: 65/71 MP: 9/11
  4665 | D:6      | Noticed a two-headed ogre
  4677 | D:6      | Killed a two-headed ogre
  4678 | D:6      | Reached skill level 9 in Polearms
  4678 | D:6      | Reached skill level 5 in Invocations
  5153 | D:6      | Reached XP level 10. HP: 79/80 MP: 14/14
  5289 | D:6      | Found Gatutefo's Antique Weapon Shoppe.
  5506 | D:7      | Reached skill level 10 in Polearms
  5511 | D:7      | Noticed Jeremiah
  5545 | D:7      | Killed Jeremiah
  5667 | D:7      | Found a flagged portal.
  5693 | D:7      | Reached *** piety under Yredelemnul
  5696 | D:7      | Reached **** piety under Yredelemnul
  5809 | Bailey   | Entered a bailey
  5849 | Bailey   | Reached skill level 11 in Polearms
  5870 | Bailey   | Reached ***** piety under Yredelemnul
  5993 | Bailey   | Noticed a vault guard
  6007 | Bailey   | Killed a vault guard
  6008 | Bailey   | Reached XP level 11. HP: 89/89 MP: 7/17
  6030 | Bailey   | Noticed Prince Ribbit
  6030 | Bailey   | Noticed a vault guard
  6036 | Bailey   | Killed Prince Ribbit
  6039 | Bailey   | Killed a vault guard
  6040 | Bailey   | Reached skill level 12 in Polearms
  6183 | D:7      | Reached skill level 10 in Fighting
  6491 | D:8      | Noticed an oklob plant
  6506 | D:8      | Noticed an oklob plant
  7383 | D:8      | Killed an oklob plant
  7388 | D:8      | Killed an oklob plant
  7534 | D:9      | Noticed a manticore
  7547 | D:9      | Killed a manticore
  7662 | D:9      | Reached skill level 13 in Polearms
  7687 | D:9      | Found Leenta's General Store.
  7696 | D:9      | Bought a scroll of identify for 26 gold pieces
  7947 | D:9      | Found a staircase to the Lair.
  8012 | D:9      | Found a burning altar of Makhleb.
  8027 | D:9      | Found a staircase to the Orcish Mines.
  8180 | D:9      | Reached XP level 12. HP: 99/99 MP: 19/19
  8290 | D:10     | Entered Level 10 of the Dungeon
  8315 | D:10     | Reached skill level 10 in Invocations
  8647 | D:10     | Noticed Psyche
  8658 | D:10     | Killed Psyche
  8903 | D:10     | Found a portal to a secret trove of treasure.
  9033 | D:10     | Found Osaynu's Magic Scroll Shop.
  9036 | D:10     | Bought a scroll of identify for 24 gold pieces
  9036 | D:10     | Bought a scroll of revelation for 90 gold pieces
  9036 | D:10     | Bought a scroll of identify for 24 gold pieces
  9036 | D:10     | Bought a scroll of identify for 24 gold pieces
  9081 | D:10     | Noticed Snorg
  9090 | D:10     | Killed Snorg
  9090 | D:10     | Charmed Snorg
  9375 | D:9      | Bought a ring of flight for 227 gold pieces
  9375 | D:9      | Bought a potion of curing for 39 gold pieces
  9531 | D:11     | Noticed a boulder beetle
  9531 | D:11     | Noticed a two-headed ogre
  9551 | D:11     | Noticed a skeletal warrior
  9557 | D:11     | Killed a two-headed ogre
  9560 | D:11     | Reached skill level 14 in Polearms
  9959 | D:11     | Killed a skeletal warrior
 10143 | D:11     | Killed a boulder beetle
 10188 | D:11     | Identified the +5 scale mail of Omission {Harm +Inv Int-5}
 10232 | D:11     | Noticed a tengu warrior
 10234 | D:11     | Noticed ceneti's ghost (journeyman MiFi)
 10265 | D:11     | Found a bloodstained altar of Trog.
 10265 | D:11     | Found the +11 plutonium sword {Contam Stlth-}
 10308 | D:11     | Noticed Lodul
 10323 | D:11     | Killed Lodul
 10573 | D:11     | Found a transporter.
 10579 | D:11     | Found a transporter.
 10646 | D:11     | Found a glowing silver altar of Zin.
 10695 | D:11     | Noticed a boulder beetle
 10712 | D:11     | Killed a boulder beetle
 10967 | D:11     | Identified the +4 hand axe of Ashenzari's Grace {spect,
                  | Int+4 SInv}
 11131 | D:11     | Reached XP level 13. HP: 94/107 MP: 17/21
 11386 | D:11     | Killed ceneti's ghost
 11387 | D:11     | Reached skill level 15 in Polearms
 12231 | D:12     | Reached ****** piety under Yredelemnul
 12452 | D:12     | Noticed Fannar
 12469 | D:12     | Killed Fannar
 12469 | D:12     | Charmed Fannar
 12681 | D:13     | Got Xioqic's Papyrus of the Queen Bee and Lightning
 12741 | D:13     | Noticed a centaur warrior
 12754 | D:13     | Killed a centaur warrior
 13113 | D:13     | Found a gateway to a bazaar.
 13359 | D:13     | Noticed a centaur warrior
 13365 | D:13     | Killed a centaur warrior
 13370 | D:13     | Noticed a centaur warrior
 13377 | D:13     | Killed a centaur warrior
 13378 | D:13     | Reached skill level 16 in Polearms
 13408 | D:13     | Found a gate to the Vaults.
 13408 | D:13     | Noticed a centaur warrior
 13408 | D:13     | Noticed a four-headed hydra
 13408 | D:13     | Noticed an ironbound preserver
 13415 | D:13     | Killed a centaur warrior
 13422 | D:13     | Killed an ironbound preserver
 13424 | D:13     | Killed a four-headed hydra
 13556 | D:13     | Reached XP level 14. HP: 104/118 MP: 23/23
 13982 | D:14     | Found a radiant altar of Vehumet.
 14021 | D:14     | Killed from afar by an efreet

Illustrated notes

Levels and vault maps discovered:
D:1:      dpeg_arrival_radiant, layout_basic, interstate_on_off
D:2:      layout_rooms, ebering_ecumenical_altar_sacrificial
D:3:      layout_rooms, minmay_fractal_squares_5
D:4:      layout_layer_cave, nicolae_wormholes, uniq_grinder
D:5:      layout_rooms, minmay_temple_entry_steel_oval
D:6:      layout_cave_pools, general_overflow_altar, serial_shops,
          nicolae_shop_pleasant_corner_grove, serial_bayou_pond_d,
          minmay_misc_feat_plants, nzn_random_ring
D:7:      layout_layer_cave, enter_bailey_3, uniq_jeremiah
D:8:      layout_basic, nrook_campfire, disabler_island
D:9:      nicolae_cairo_tiling_very_big, layout_cave_pools,
          lightli_temple_of_fire, david_orc_5, serial_shops, shop,
          minmay_lizard_king
D:10:     layout_gridville, nicolae_trove_entry_isolated, serial_shops,
          nicolae_shop_window_shopping, uniq_snorg, uniq_psyche
D:11:     minmay_bloctagon, layout_basic, gauntlet_entry_generic,
          gammafunk_ghost_wrathful_warriors, zin_statuary, uniq_lodul
D:12:     cheibrodos_magma_flow, layout_basic, minmay_misc_feat_rows,
          uniq_fannar
D:13:     layout_grid_maze, skrybe_vaults_entry_preservation, serial_shops,
          bzr_entry_islet
D:14:     layout_cave_pools, nicolae_vehumet_radiance, serial_shops,
          bzr_entry_road
Temple:   nicolae_temple_slightly_damp_pantheon

Skill      XL: |  1  2  3  4  5  6  7  8  9 10 11 12 13 14 |
---------------+-------------------------------------------+-----
Shields        | 5 6 7 |  7.4
Polearms       | 4 5 6 8 9 11 13 14 16 | 16.5
Fighting       | 4 5 6 8 9 10 11 13 | 13.2
Invocations    | 1 3 6 8 9 11 12 13 | 13.0
Armour         | |  3.2

Action                     |  1- 3 |  4- 6 |  7- 9 | 10-12 | 13-15 || total
---------------------------+-------+-------+-------+-------+-------++-------
  Melee: Trident           |    84 |    88 |    94 |   470 |   266 ||  1002
         Quarterstaff      |       |    57 |    46 |       |       ||   103
         Whip              |       |       |   117 |       |       ||   117
         Spear             |       |       |     4 |    33 |       ||    37
  Throw: Dart              |       |       |     4 |       |       ||     4
         Boomerang         |       |       |       |       |     1 ||     1
 Invoke: Dark Bargain      |       |       |       |     7 |     2 ||     9
         Recall Undead Har |       |       |       |    10 |     5 ||    15
         Bind Soul         |       |       |       |     2 |     2 ||     4
    Use: Potion            |       |       |     5 |     1 |     2 ||     8
         Scroll            |       |       |     4 |     7 |     3 ||    14
   Stab: Distracted        |       |       |     4 |     3 |     3 ||    10
 Armour: Scale mail        |    38 |       |       |       |       ||    38
         Chain mail        |    11 |   101 |   139 |       |       ||   251
         Plate armour      |       |       |    65 |   226 |   182 ||   473
  Dodge: Dodged            |    25 |    57 |    86 |    73 |    53 ||   294
  Block: Buckler           |    19 |    38 |    70 |    52 |    13 ||   192
         Kite shield       |       |       |       |       |    46 ||    46

Table legend: (Time is in decaauts)
 A = Elapsed time spent in this place.
 B = Non-inter-level travel time spent in this place.
 C = Inter-level travel time spent in this place.
 D = Time resting spent in this place.
 E = Time spent auto-exploring this place.
 F = Levels seen in this place.
 G = Mean time per level.
                   A        B        C        D        E       F      G
               +--------+--------+--------+--------+--------+-----+--------+
         Total |  13780 |  13144 |    636 |   1418 |   8863 |  16 |  861.2 |
       Dungeon |  13491 |  12890 |    601 |   1375 |   8838 |  14 |  963.6 |
        Temple |     46 |     11 |     35 |      0 |      0 |   1 |   46.0 |
        Bailey |    241 |    241 |      0 |     43 |     25 |   1 |  241.0 |
               +--------+--------+--------+--------+--------+-----+--------+

Top non-repeatable levels by time:
    D:11: 1612 daAuts
    D:10: 1465 daAuts
     D:4: 1265 daAuts
    D:12: 1152 daAuts
    D:13: 1110 daAuts
     D:8: 1055 daAuts
     D:1: 1010 daAuts
     D:6: 984 daAuts
     D:5: 970 daAuts
     D:9: 792 daAuts
     D:3: 739 daAuts
     D:7: 643 daAuts
     D:2: 508 daAuts
  Bailey: 241 daAuts
    D:14: 182 daAuts
